 Dungeon Crawl Stone Soup version 0.31-a0-161-gb58dd9be76 (webtiles) character file.

Game seed: 4171312504930333683

335 qw the Shooter (level 6, 0/57 HPs)
             Began as a Naga Hunter on June 12, 2023.
             Shot themself with an arrow (2 damage)
             ... on level 4 of the Dungeon.
             The game lasted 00:01:01 (2228 turns).

qw the Shooter (Naga Hunter)                        Turns: 2228, Time: 00:01:02

Health: 0/57       AC:  3    Str: 20    XL:     6   Next: 53%
Magic:  6/6        EV:  9    Int:  9    God:
Gold:   199        SH:  0    Dex: 16    Spells: 5/5 levels left

rFire   . . .        Y - +1 longbow (freeze)
rCold   . . .        (shield currently unavailable)
rNeg    . . .        c - +0 leather armour
rPois   +            (no helmet)
rElec   .            (no cloak)
rCorr   +            (no gloves)
SInv    +            (no barding)
Will    .....        (no amulet)
Stlth   ++           i - +6 ring of strength
HPRegen 0.29/turn    d - ring of resist corrosion
MPRegen 0.10/turn

%: no passive effects
@: lethally poisoned (0 -> -1), short of breath, very slow
A: AC +2, large, see invisible, deformed body, poison resistance, slowness 2,
spit poison 1, naga tail 1
a: Spit Poison


You were on level 4 of the Dungeon.
You visited 1 branch of the dungeon, and saw 4 of its levels.

You collected 199 gold pieces.


Innate Abilities, Weirdness & Mutations

Your serpentine skin is tough. (AC +2)
You have supernaturally acute eyesight. (SInv)
Armour fits poorly on your strangely shaped body.
Your system is resistant to poisons. (rPois)
You cover ground very slowly.
You can spit poison.
You have a snake-like lower body.


   Skills:
 - Level 4.2 Fighting
 - Level 6.0 Ranged Weapons
 + Level 1.5 Dodging
 - Level 1.5 Stealth


You had 5 spell levels left.
You didn't know any spells.
Your spell library was empty.

Inventory:

Hand Weapons
 j - a +0 shortbow of flaming
 Y - a +1 longbow of freezing (weapon)
Armour
 c - a +0 leather armour (worn)
Jewellery
 a - an amulet of faith
 d - a ring of resist corrosion (right hand)
 i - a +6 ring of strength (left hand)
Scrolls
 b - 2 scrolls of identify
 f - a scroll of immolation {unknown}
 h - a scroll of teleportation
Potions
 e - a potion of haste {unknown}
 g - a potion of attraction {unknown}
 k - a potion of magic {unknown}
 l - a potion of curing {unknown}
 m - a potion of degeneration {unknown}

Dungeon Overview and Level Annotations

Branches:
Dungeon (4/15)
 Temple: D:4-7

Altars:
Dithmenos
Qazlal
Yredelemnul


Message History

You kill the water moccasin!
Your Fighting skill increases to level 4!
l - a glowing inky potion
Enter note:
Enter note:
Enter note:
Enter note:
Enter note:
Enter note: You hear the quick rusting of a drain nearby.
A kobold comes into view. It is wielding a staff of poison.
Enter note:
Enter note:
Enter note:
Enter note:
Enter note:
Enter note: You shoot an arrow.
The kobold blocks the arrow with an invisible shield... and reflects it back!
The arrow hits you. The arrow freezes you.
2225 ||| INVOKING Spit Poison.
Aiming: Spit Poison (1% risk of failure)
Press: ? - help, Shift-Dir - straight line, f/p - kobold The splash of poison reflects off an invisible shield around the kobold!
The splash of poison hits you.
You are poisoned.
You resist.
You feel sick.
The kobold throws a stone.
The stone hits you.
You shoot an arrow.
The kobold blocks the arrow with an invisible shield... and reflects it back!
The arrow hits you! The arrow freezes you.
You feel sick.
You shoot an arrow.
The kobold blocks the arrow with an invisible shield... and reflects it back!
The arrow hits you! The arrow freezes you.
You feel sick.
You shoot an arrow.
The kobold blocks the arrow with an invisible shield... and reflects it back!
The arrow hits you! The arrow freezes you.
You die...

~#####..#......##
#####.###.%....##
#...........#...##
.................#
.....##..#..#....#
.....#...#..###.##
....##...##.###..##
....##......#.....#
....##.#.......#@##
.....#.........#.#
...............K...
##.....##...........
.....####.........#.
%...## #............
....# #.....#.......
...... #.....###...
.# .....#


You could see a kobold (reflecting).

Vanquished Creatures
  A water moccasin (D:4)
  2 orc priests
  An iguana (D:4)
  4 adders
  A river rat (D:4)
  3 worms
  A dart slug (D:1)
  7 orcs
  5 ball pythons
  7 endoplasms
  5 giant cockroaches
  5 goblins
  10 hobgoblins
  6 jackals
  3 kobolds
  4 quokkas
  4 bats
  4 frilled lizards
  6 rats
79 creatures vanquished.

Notes
Turn   | Place    | Note
-------+----------+-------------------------------------------
     0 | D:1      | qw the Naga Hunter began the quest for the Orb.
     0 | D:1      | Reached XP level 1. HP: 19/19 MP: 1/1
     0 | D:1      | 0 ||| qw: Version: 0.2-a-29-gc1b59c4
     0 | D:1      | 0 ||| qw: Game counter: 4232
     0 | D:1      | 0 ||| qw: Always use a shield: true
     0 | D:1      | 0 ||| qw: God list: Okawaru
     0 | D:1      | 0 ||| qw: Allow faded altars: false
     0 | D:1      | 0 ||| qw: Do Orc after D:15 true
     0 | D:1      | 0 ||| qw: Do second Lair branch before Depths: true
     0 | D:1      | 0 ||| qw: Lair rune preference: random
     0 | D:1      | 0 ||| qw: Plans: Normal
     0 | D:1      | 0 ||| PLANNING D:1-11
    61 | D:1      | 61 ||| INVOKING Spit Poison.
    66 | D:1      | 66 ||| INVOKING Spit Poison.
    93 | D:1      | 93 ||| INVOKING Spit Poison.
    96 | D:1      | Reached skill level 4 in Ranged Weapons
    96 | D:1      | Reached XP level 2. HP: 26/26 MP: 2/2
   110 | D:1      | 110 ||| INVOKING Spit Poison.
   114 | D:1      | 114 ||| INVOKING Spit Poison.
   126 | D:1      | 126 ||| INVOKING Spit Poison.
   136 | D:1      | 136 ||| INVOKING Spit Poison.
   137 | D:1      | 137 ||| INVOKING Spit Poison.
   144 | D:1      | 144 ||| INVOKING Spit Poison.
   179 | D:1      | 179 ||| INVOKING Spit Poison.
   185 | D:1      | 185 ||| INVOKING Spit Poison.
   190 | D:1      | 190 ||| INVOKING Spit Poison.
   227 | D:1      | 227 ||| INVOKING Spit Poison.
   232 | D:1      | 232 ||| INVOKING Spit Poison.
   233 | D:1      | Reached XP level 3. HP: 32/32 MP: 3/3
   356 | D:1      | 356 ||| INVOKING Spit Poison.
   357 | D:1      | 357 ||| INVOKING Spit Poison.
   368 | D:1      | 368 ||| INVOKING Spit Poison.
   409 | D:1      | 409 ||| INVOKING Spit Poison.
   443 | D:1      | 443 ||| INVOKING Spit Poison.
   446 | D:1      | 446 ||| INVOKING Spit Poison.
   532 | D:1      | 532 ||| INVOKING Spit Poison.
   544 | D:1      | 544 ||| UPGRADING to +6 ring of strength.
   545 | D:1      | 545 ||| READING scroll labelled KAOTZUUHAQA.
   546 | D:1      | 546 ||| READING scroll labelled EPEHAR KEOS.
   547 | D:1      | 547 ||| READING scroll labelled SAKHURCHOIGY.
   547 | D:1      | Identified a scroll of acquirement
   547 | D:1      | 547 ||| ACQUIRING +1 longbow of freezing
   547 | D:1      | Acquired a +1 longbow of freezing
   549 | D:1      | 549 ||| SWAPPING to +1 longbow of freezing.
   550 | D:1      | 550 ||| READING scroll labelled LIPUS PIUKE.
   555 | D:1      | 555 ||| DROPPING scroll of butterflies.
   581 | D:2      | 581 ||| INVOKING Spit Poison.
   596 | D:2      | 596 ||| INVOKING Spit Poison.
   707 | D:2      | 707 ||| INVOKING Spit Poison.
   710 | D:2      | 710 ||| INVOKING Spit Poison.
   766 | D:2      | 766 ||| INVOKING Spit Poison.
   811 | D:2      | 811 ||| INVOKING Spit Poison.
   910 | D:2      | Reached skill level 5 in Ranged Weapons
   958 | D:2      | Reached XP level 4. HP: 39/39 MP: 4/4
   994 | D:2      | 994 ||| INVOKING Spit Poison.
   999 | D:2      | 999 ||| INVOKING Spit Poison.
  1002 | D:2      | 1002 ||| INVOKING Spit Poison.
  1016 | D:2      | 1016 ||| INVOKING Spit Poison.
  1073 | D:2      | 1073 ||| UPGRADING to ring of resist corrosion.
  1076 | D:2      | 1076 ||| INVOKING Spit Poison.
  1315 | D:2      | 1315 ||| READING scroll labelled HUDAUDDUMAUNI.
  1316 | D:2      | 1316 ||| DRINKING 2 puce potions.
  1317 | D:2      | 1317 ||| DROPPING potion of brilliance.
  1377 | D:3      | 1377 ||| INVOKING Spit Poison.
  1388 | D:3      | 1388 ||| INVOKING Spit Poison.
  1397 | D:3      | 1397 ||| INVOKING Spit Poison.
  1399 | D:3      | Reached skill level 3 in Fighting
  1431 | D:3      | 1431 ||| INVOKING Spit Poison.
  1434 | D:3      | 1434 ||| INVOKING Spit Poison.
  1463 | D:3      | Found a stormy altar of Qazlal.
  1537 | D:3      | 1537 ||| INVOKING Spit Poison.
  1541 | D:3      | 1541 ||| INVOKING Spit Poison.
  1544 | D:3      | 1544 ||| INVOKING Spit Poison.
  1547 | D:3      | Reached XP level 5. HP: 35/49 MP: 5/5
  1550 | D:3      | 1550 ||| INVOKING Spit Poison.
  1553 | D:3      | 1553 ||| INVOKING Spit Poison.
  1735 | D:3      | 1735 ||| INVOKING Spit Poison.
  1743 | D:3      | 1743 ||| INVOKING Spit Poison.
  1753 | D:3      | Found a basalt altar of Yredelemnul.
  1774 | D:3      | 1774 ||| INVOKING Spit Poison.
  1864 | D:3      | 1864 ||| READING scroll labelled KOETZA ATENEPSAB.
  1865 | D:3      | 1865 ||| READING 2 scrolls labelled NOMAYKH FUAFOO.
  1866 | D:3      | 1866 ||| READING scroll labelled ZUNABAARCHA.
  1867 | D:3      | 1867 ||| DRINKING 2 inky potions.
  1874 | D:3      | 1874 ||| DROPPING potion of ambrosia.
  1883 | D:4      | Noticed a water moccasin
  1884 | D:4      | 1884 ||| PLANNING SEWER
  1884 | D:4      | 1884 ||| INVOKING Spit Poison.
  1910 | D:4      | 1910 ||| INVOKING Spit Poison.
  1913 | D:4      | 1913 ||| INVOKING Spit Poison.
  1918 | D:4      | 1918 ||| INVOKING Spit Poison.
  1922 | D:4      | 1922 ||| INVOKING Spit Poison.
  1946 | D:4      | 1946 ||| INVOKING Spit Poison.
  1994 | D:4      | 1994 ||| INVOKING Spit Poison.
  2025 | D:4      | 2025 ||| INVOKING Spit Poison.
  2030 | D:4      | 2030 ||| INVOKING Spit Poison.
  2034 | D:4      | Reached skill level 6 in Ranged Weapons
  2125 | D:4      | Found a shadowy altar of Dithmenos.
  2143 | D:4      | 2143 ||| INVOKING Spit Poison.
  2148 | D:4      | 2148 ||| INVOKING Spit Poison.
  2150 | D:4      | Reached XP level 6. HP: 55/56 MP: 6/6
  2171 | D:4      | 2171 ||| INVOKING Spit Poison.
  2192 | D:4      | Killed a water moccasin
  2225 | D:4      | 2225 ||| INVOKING Spit Poison.
  2228 | D:4      | HP: 2/57 [suicidal targeting (16)]
  2228 | D:4      | Shot themself with an arrow

Levels and vault maps discovered:
D:1:      lightli_arrival_lavapool, layout_basic
D:2:      layout_basic, minmay_misc_feat_pillars
D:3:      layout_basic, lemuel_tele_altar, yredelemnul_altar_generic
D:4:      layout_cave_pools, old_standard_altar,
          worldfamousw_hep_ancestral_shrine, gup_sewer_entry_bowl,
          kennysheep_nub

Skill      XL: |  1  2  3  4  5  6 |
---------------+-------------------+-----
Ranged Weapons | 4 5 6 |  6.0
Fighting       | 3 4 |  4.2
Dodging        | |  1.5
Stealth        | |  1.5

Action                     |  1- 3 |  4- 6 || total
---------------------------+-------+-------++-------
   Fire: Shortbow          |    54 |       ||    54
         Longbow           |    13 |    79 ||    92
Ability: Spit Poison       |    25 |    31 ||    56
    Use: Scroll            |     4 |     4 ||     8
         Potion            |       |     2 ||     2
 Armour: Leather armour    |     7 |     3 ||    10
  Dodge: Dodged            |    10 |    18 ||    28

Table legend:
 A = Non-vault XP
 B = Vault XP
 C = Vault XP percentage of total XP
 D = Non-vault monster count
 E = Vault monster count
 F = Vault count percentage of total count
                 A         B        C        D         E       F
            +---------+---------+-------+---------+---------+-------
      Total |     457 |      22 |   4.6 |      75 |       4 |   5.1
            +---------+---------+-------+---------+---------+-------
        D:1 |      48 |       0 |   0.0 |      28 |       0 |   0.0
        D:2 |      64 |       0 |   0.0 |      21 |       0 |   0.0
        D:3 |      95 |       0 |   0.0 |      15 |       0 |   0.0
        D:4 |     250 |      22 |   8.1 |      11 |       4 |  26.7
            +---------+---------+-------+---------+---------+-------
